 Dungeon Crawl Stone Soup version 0.20.0-15-g7f486f2 (webtiles) character file.

3970 Chiseanne the Skirmisher (level 10, 79/79 HPs)
             Began as a Demonspawn Wanderer on June 27, 2017.
             Was an Initiate of Gozag.
             Quit the game on level 8 of the Dungeon.
             The game lasted 00:23:04 (9053 turns).

Chiseanne the Skirmisher (Demonspawn Wanderer)      Turns: 9053, Time: 00:23:05

Health: 79/79      AC: 13    Str: 13    XL:     10   Next: 2%
Magic:  10/10      EV:  7    Int: 13    God:    Gozag
Gold:   731        SH: 11    Dex: 16    Spells: 9/9 levels left

rFire    . . .     SeeInvis +   a - +9 club (protect)
rCold    + . .     Gourm    .   r - +1 shield
rNeg     . . .     Faith    .   C - +0 chain mail {rPois}
rPois    +         Spirit   +   (helmet restricted)
rElec    .         Reflect  .   o - +0 cloak
rCorr    .         Harm     .   h - +1 pair of gloves
MR       .....                  (no boots)
Stlth    ..........             (no amulet)
Regen    0.3/turn               v - ring of see invisible
MPRegen  0.2/turn               (no ring)

@: no status effects
A: antennae 1, cold resistance 1, magic shield, freezing cloud immunity
a: Potion Petition, Call Merchant, Bribe Branch, Renounce Religion


You were on level 8 of the Dungeon.
You worshipped Gozag.
Gozag was pleased with you.
You were full.

You visited 2 branches of the dungeon, and saw 9 of its levels.

You collected 1327 gold pieces.
You spent 49 gold pieces at shops.
You paid 547 gold pieces to Gozag.

Inventory:

Hand Weapons
 a - a +9 club of protection (weapon)
 s - a +0 dagger of venom
 B - a +0 hand axe of electrocution
Missiles
 e - 19 poisoned needles
 j - 48 sling bullets
 t - 6 javelins (quivered)
 x - 37 bolts
Armour
 h - a +1 pair of gloves (worn)
 i - a +0 helmet
 o - a +0 cloak (worn)
 r - a +1 shield (worn)
 C - a +0 chain mail of poison resistance (worn)
Jewellery
 k - an uncursed ring of ice
 v - a ring of see invisible (left hand)
Scrolls
 b - a scroll of magic mapping
 l - 6 scrolls of teleportation
 w - 3 scrolls of remove curse
 y - 2 scrolls of immolation
 z - a scroll of recharging
 D - a scroll of identify
 E - a scroll of brand weapon
Potions
 c - a potion of haste {unknown}
 d - 2 potions of flight
 g - 2 potions of ambrosia
 n - 5 potions of curing
 p - a potion of mutation {unknown}
 q - a potion of heal wounds
 u - a potion of resistance {unknown}
 A - a potion of magic {unknown}
Comestibles
 f - a bread ration
 m - 4 meat rations


   Skills:
 * Level 7.4 Fighting
 * Level 6.1 Armour
 * Level 6.8 Dodging
 - Level 2.6 Stealth
 * Level 7.0 Shields
   Level 1.1 Necromancy
   Level 1.7 Translocations


You had 9 spell levels left.
You didn't know any spells.

Dungeon Overview and Level Annotations

Branches:
Dungeon (8/15)             Temple (1/1) D:4
   Lair: D:8-11

Altars:
Ashenzari
Cheibriados
Dithmenos
Elyvilon
Fedhas
Gozag
Hepliaklqana
Kikubaaqudgha
Makhleb
Nemelex Xobeh
Okawaru
Qazlal
Ru
Sif Muna
Trog
Uskayaw
Vehumet
Xom
Yredelemnul
Zin
The Shining One

Shops:
D:7 =(

Annotations:
D:8 Cral's ghost, novice GrEE


Innate Abilities, Weirdness & Mutations

You have a pair of small antennae on your head.
Your flesh is cold resistant. (rC+)
When hurt, damage is shared between your health and your magic reserves.
You are immune to freezing clouds.


Message History

You sock the orc wizard!
The orc wizard is almost dead.
The orc wizard hits you but does no damage.
Your chain mail prevents you from hitting the orc wizard.
The orc wizard is almost dead.
The orc wizard hits you but does no damage.
The orc wizard gestures at you while chanting.
The magic dart hits you!
You hit the orc wizard.
The orc wizard is almost dead.
The orc wizard hits you but does no damage.
You hit the orc wizard.
You kill the orc wizard!
You now have 691 gold pieces (gained 6).
Things that are here:
a dagger; a robe You now have 731 gold pieces (gained 40).
Items here: )))) [[[
Okay, then.
Are you sure you want to abandon this character and quit the game? (Confirm with "yes".)

.$.....#
#.#
########
#.# #.#
#.# #.#
#######.#
#)......#
#[#######
#@...#
#..#.#
#..# #
#..# #...
##.## .#
.#


There were no monsters in sight!

Vanquished Creatures
  A hippogriff (D:7)
  A hungry ghost (D:7)
  Edmund (D:5)
  A water moccasin (D:8)
  Duvessa (D:5)
  A hornet zombie (D:7)
  A necrophage (D:5)
  4 ogres
  2 orc warriors
  3 phantoms
  6 centaurs
  2 big kobolds (D:7)
  2 bullfrogs (D:7)
  2 gnoll sergeants
  Dowan (D:5)
  2 scorpions (D:4)
  4 jellies
  2 centaur zombies
  4 howler monkeys
  3 crimson imps
  5 orc priests
  2 hounds
  A bullfrog skeleton (D:8)
  6 orc wizards
  A centaur skeleton (D:4)
  Jessica (D:2)
  2 iguanas (D:5)
  3 worker ants
  A hound zombie (D:5)
  A hound skeleton (D:5)
  A howler monkey skeleton (D:7)
  8 gnolls
  5 adders
  2 shadow imps (D:6)
  An adder skeleton (D:5)
  2 worms
  A dart slug (D:2)
  4 leopard geckos
  33 orcs
  2 ball pythons (D:1)
  6 giant cockroaches
  6 goblins
  10 hobgoblins
  12 jackals
  20 kobolds
  5 quokkas
  8 bats
  3 frilled lizards
  A jackal zombie (D:6)
  13 rats
210 creatures vanquished.

Notes
Turn   | Place    | Note
-------+----------+-------------------------------------------
     0 | D:1      | Chiseanne the Demonspawn Wanderer began the quest for the Orb.
     0 | D:1      | Chiseanne set off with: a +0 shield, a +0 falchion, a potion of lignification, a +0 robe, a +0 dagger, a bread ration
     0 | D:1      | Reached XP level 1. HP: 16/16 MP: 1/1
   239 | D:1      | Gained mutation: Your flesh is cold resistant. (rC+) [demonic ancestry]
   239 | D:1      | Reached XP level 2. HP: 12/22 MP: 2/2
   784 | D:1      | Reached skill level 1 in Dodging
  1202 | D:2      | Noticed Jessica
  1211 | D:2      | Reached XP level 3. HP: 14/28 MP: 3/3
  1576 | D:2      | Killed Jessica
  1824 | D:2      | Found a faded altar of an unknown god.
  1918 | D:2      | Reached XP level 4. HP: 34/34 MP: 4/4
  3007 | D:4      | Reached skill level 1 in Armour
  3007 | D:4      | Gained mutation: You are immune to freezing clouds. [demonic ancestry]
  3007 | D:4      | Reached XP level 5. HP: 41/41 MP: 5/5
  3037 | D:4      | Found a staircase to the Ecumenical Temple.
  3047 | Temple   | Entered the Ecumenical Temple
  3142 | Temple   | Became a worshipper of Gozag Ym Sagoz the Greedy
  3438 | D:4      | Noticed an ogre
  3461 | D:4      | Killed an ogre
  3461 | D:4      | Reached XP level 6. HP: 33/47 MP: 6/6
  3991 | D:5      | Entered Level 5 of the Dungeon
  4217 | D:5      | Reached XP level 7. HP: 54/54 MP: 7/7
  5102 | D:5      | Noticed Dowan
  5104 | D:5      | Noticed Duvessa
  5160 | D:5      | Killed Duvessa
  5170 | D:5      | Killed Dowan
  5623 | D:5      | Noticed Edmund
  5642 | D:5      | Killed Edmund
  5642 | D:5      | Reached skill level 5 in Fighting
  5642 | D:5      | Gained mutation: When hurt, damage is shared between your health and your magic reserves. [demonic ancestry]
  5642 | D:5      | Reached XP level 8. HP: 41/62 MP: 8/8
  5833 | D:5      | Reached skill level 5 in Shields
  6311 | D:6      | Reached skill level 5 in Dodging
  6610 | D:6      | You fall through a shaft!
  6683 | D:7      | Reached XP level 9. HP: 22/69 MP: 6/9
  6721 | D:7      | Reached skill level 5 in Armour
  7343 | D:7      | Bought a cursed ring of loudness for 49 gold pieces
  7376 | D:7      | Found Zerum's Antique Weapon Emporium.
  8075 | D:7      | Found a glowing silver altar of Zin.
  8075 | D:7      | Found a white marble altar of Elyvilon.
  8080 | D:7      | Found a sacrificial altar of Ru.
  8082 | D:7      | Found a faded altar of an unknown god.
  8083 | D:7      | Found a blossoming altar of Fedhas.
  8783 | D:8      | Noticed Cral's ghost (novice GrEE)
  8945 | D:8      | Gained mutation: You have a pair of small antennae on your head. [demonic ancestry]
  8945 | D:8      | Reached XP level 10. HP: 79/79 MP: 8/10
  9053 | D:8      | Quit the game

Skill      XL: |  1  2  3  4  5  6  7  8  9 |
---------------+----------------------------+-----
Shields        | 2 3 4 5 7 |  7.0
Dodging        | 1 2 3 4 5 6 |  6.8
Fighting       | 3 4 5 6 7 |  7.4
Armour         | 1 2 3 4 6 |  6.1
Stealth        | |  2.6
Necromancy     | |  1.1
Translocations | |  1.7

Action                   |  1- 3 |  4- 6 |  7- 9 | 10-12 || total
-------------------------+-------+-------+-------+-------++-------
Melee: Falchion          |    22 |       |       |       ||    22
       Hand axe          |    73 |       |       |       ||    73
       Club              |     7 |   139 |   567 |    32 ||   745
       Short sword       |       |       |     7 |       ||     7
Invok: Call Merchant     |       |       |     1 |       ||     1
Evoke: Wand              |       |       |     2 |       ||     2
  Use: Scroll            |     2 |     9 |     5 |       ||    16
       Potion            |       |       |     4 |       ||     4
 Stab: Sleeping          |     3 |     7 |     1 |       ||    11
       Distracted        |       |     1 |     2 |       ||     3
  Eat: Chunk             |     3 |     4 |       |       ||     7
       Royal jelly       |       |     3 |     1 |       ||     4
       Fruit             |       |     2 |     4 |       ||     6
       Bread ration      |       |       |     4 |       ||     4
Armor: Robe              |    26 |     2 |       |       ||    28
       Leather armour    |       |    35 |     3 |       ||    38
       Skin              |       |       |    28 |       ||    28
       Ring mail         |       |       |    92 |       ||    92
       Chain mail        |       |       |   141 |    26 ||   167
Dodge: Dodged            |    38 |    54 |   230 |     8 ||   330
Block: Shield            |    61 |    66 |   374 |    19 ||   520
       Rpst.: Falchion   |     3 |       |       |       ||     3
